Map: Ever Dream LE

Players

Cyanine - Winner!

  • Race: Terran Terran
  • League: Master
  • Spawn Location: 1:00

A.I. 2 (Very Easy)

  • Race: Zerg Zerg
  • Spawn Location: 7:00

VOD

Have the link to the VOD?

Description

Time

  • Played on: March 14, 2020, 6:24 p.m.
  • Length: 10:44
Show
View Real Time Build Order
Export as new Build Order

Cyanine Terran - Winner!

Build Orders: Liberator Opening, Reaper Expand 

Get SALT Encoding   

  12  0:00  SCV  
  13  0:12  SCV  
  14  0:17  Supply Depot  
  14  0:24  SCV  
  15  0:38  SCV  
  15  0:39  Barracks  
  16  0:43  Refinery  
  16  0:50  SCV  
  17  1:02  SCV  
  18  1:14  SCV  
  19  1:26  Reaper, Orbital Command  
  20  1:39  Command Center  
  20  1:47  Supply Depot  
  20  1:52  SCV  
  21  1:58  Marine  
  22  2:04  SCV  
  22  2:07  Factory  
  23  2:12  Refinery  
  23  2:18  SCV  
  23  2:20  Barracks Reactor  
  24  2:30  SCV  
  25  2:42  SCV  
  26  2:52  Starport  
  26  2:53  Orbital Command  
  26  2:54  SCV  
  27  3:04  Hellion x2  
  31  3:06  SCV  
  31  3:07  Barracks Tech Lab  
  32  3:12  Supply Depot  
  32  3:18  SCV  
  33  3:23  SCV  
  33  3:25  Hellion  
  33  3:26  Hellion  
  38  3:30  SCV, Liberator  
  42  3:35  SCV  
  42  3:40  Stimpack  
  43  3:43  SCV  
  43  3:47  Hellion x2  
  48  3:50  Supply Depot  
  48  3:54  SCV  
  49  3:58  SCV  
  50  4:07  SCV  
  51  4:10  SCV  
  51  4:14  Starport Reactor  
  51  4:15  Command Center  
  52  4:17  Factory Tech Lab  
  52  4:23  Supply Depot  
  52  4:24  SCV  
  52  4:25  SCV  
  52  4:30  Barracks  
  54  4:32  Barracks  
  54  4:35  Siege Tank  
  54  4:37  SCV x2  
  59  4:40  Engineering Bay  
  59  4:45  Engineering Bay  
  59  4:49  SCV x2  
  61  4:53  Refinery  
  61  4:54  Refinery  
  61  4:55  Starport Reactor  
  61  4:56  Marine  
  62  5:01  SCV x2  
  64  5:12  Terran Infantry Weapons Level 1, Terran Infantry Armor Level 1  
  64  5:13  SCV x2  
  66  5:14  Marine  
  66  5:19  Marine  
  66  5:20  Marine  
  69  5:24  Supply Depot  
  69  5:26  Siege Tank  
  69  5:27  SCV x2, Orbital Command  
  74  5:29  Marine x2  
  74  5:32  Marine  
  74  5:33  Combat Shield  
  77  5:37  Marine x2  
  79  5:43  SCV x2  
  79  5:47  Medivac, Marine x2  
  79  5:48  Medivac  
  87  5:53  Orbital Command  
  87  5:55  SCV x2  
  89  6:00  Supply Depot x3  
  89  6:04  Marine  
  89  6:05  Marine x3  
  93  6:21  SCV x2, Marine  
  93  6:22  Marine x2  
  93  6:23  SCV, Marine x2  
  101  6:28  Supply Depot  
  101  6:29  Supply Depot  
  101  6:34  SCV x2  
  101  6:35  SCV  
  101  6:38  Siege Tank  
  101  6:39  Marine  
  108  6:40  Marine x4  
  108  6:43  Barracks x2  
  108  6:46  SCV x2  
  114  6:48  Armory  
  114  6:53  Supply Depot  
  114  6:54  Supply Depot  
  114  6:57  SCV  
  114  6:58  SCV x2  
  114  7:00  Marine  
  114  7:01  Refinery, Marine x4  
  121  7:02  Refinery  
  121  7:05  Factory  
  122  7:09  SCV  
  122  7:10  SCV x2  
  125  7:18  Marine x3  
  125  7:19  Marine  
  125  7:20  Medivac x2  
  133  7:28  Concussive Shells, Marauder  
  135  7:31  SCV x2  
  135  7:34  SCV  
  135  7:35  Terran Infantry Weapons Level 2  
  138  7:37  Barracks Reactor x2  
  138  7:38  Marine x4  
  138  7:43  Siege Tank  
  145  7:48  Factory Tech Lab  
  145  7:49  Marine  
  146  7:55  Supply Depot  
  146  7:56  Terran Infantry Armor Level 2, Marine x3  
  146  7:57  Supply Depot, Command Center  
  149  8:01  Terran Vehicle And Ship Armor Level 1  
  149  8:14  Medivac x2, Marine x2  
  149  8:15  Marine x2  
  149  8:17  Marine x5, Siege Tank  
  165  8:23  Barracks x3  
  165  8:26  Siege Tank  
  168  8:42  SCV x3  
  168  8:44  Medivac  
  173  8:52  Supply Depot, Medivac, Siege Tank  
  173  8:53  Supply Depot, Marauder, Marine  
  173  8:54  Supply Depot  
  181  9:09  SCV x3, Marine x7  
  191  9:10  Planetary Fortress  
  191  9:13  Barracks Tech Lab x3  
  191  9:14  Marine  
  191  9:15  Marauder  
  194  9:27  Marine x6, Starport, Fusion Core  
  194  9:28  Starport  
  200  9:35  Refinery  
  200  9:36  Refinery  
  200  10:11  Starport Reactor x2  
  200  10:17  Ghost Academy  
  200  10:24  Command Center x2  
Show
View Real Time Build Order
Export as new Build Order

A.I. 2 (Very Easy) Zerg 

Build Orders: Hatch First 

Get SALT Encoding   

  12  0:01  Drone  
  13  0:12  Overlord  
  13  0:16  Drone  
  14  0:40  Hatchery  
  13  0:45  Drone  
  14  1:02  Spawning Pool  
  13  1:05  Drone  
  13  1:08  Extractor  
  13  1:12  Drone  
  14  1:19  Overlord  
  14  1:48  Queen  
  14  1:50  Zergling x2  
  14  1:52  Zergling x2  
  18  1:56  Roach Warren  
  18  2:01  Drone  
  18  2:05  Extractor  
  17  2:10  Drone  
  17  2:15  Zergling x2  
  19  2:20  Drone  
  20  2:27  Drone  
  21  2:34  Drone  
  22  2:42  Drone  
  23  2:49  Drone  
  24  2:56  Drone  
  25  3:03  Drone  
  25  3:04  Roach  
  28  3:08  Overlord  
  29  3:12  Drone  
  30  3:20  Drone  
  30  3:26  Lair  
  31  3:27  Drone  
  31  3:38  Drone  
  32  3:45  Drone  
  33  3:52  Drone  
  33  3:54  Roach  
  36  3:56  Overlord  
  36  3:59  Drone  
  37  4:07  Drone  
  38  4:14  Drone  
  39  4:21  Drone  
  40  4:27  Overseer x2  
  40  4:28  Drone  
  41  4:35  Drone  
  42  4:42  Extractor  
  42  4:43  Ravager, Drone  
  42  4:44  Overlord, Roach  
  45  4:50  Drone  
  46  4:57  Drone  
  46  4:59  Extractor  
  46  5:05  Drone  
  45  5:12  Drone  
  46  5:19  Drone  
  41  5:26  Drone  
  37  5:33  Zergling x2  
  37  5:34  Drone  
  33  5:41  Drone  
  28  5:48  Drone  
  22  5:55  Drone  
  22  6:02  Drone  
  22  6:10  Drone  
  21  6:17  Drone  
  21  6:22  Zergling x2  
  21  6:24  Drone  
  22  6:31  Drone  
  22  6:38  Drone  
  22  6:45  Drone  
  22  6:53  Drone  
  21  7:00  Drone  
  21  7:07  Drone  
  21  7:11  Zergling x2  
  21  7:14  Drone  
  22  7:21  Drone  
  22  7:28  Drone  
  23  7:35  Drone  
  22  7:43  Drone  
  23  7:50  Drone  
  22  7:57  Drone  
  21  8:01  Roach  
  21  8:04  Drone  
  24  8:12  Drone  
  24  8:19  Drone  
  24  8:26  Drone  
  24  8:33  Drone  
  23  8:40  Drone  
  21  8:47  Drone  
  21  8:50  Zergling x2  
  21  8:55  Drone  
  22  9:02  Drone  
  22  9:09  Drone  
  22  9:16  Drone  
  21  9:23  Drone  
  21  9:30  Drone  
  21  9:37  Drone  
  21  9:40  Roach  
  21  9:45  Drone  
  23  9:52  Drone  
  23  9:57  Queen  
  23  9:59  Drone  
  20  10:06  Drone  
  15  10:13  Drone  
  8  10:21  Drone  
  6  10:28  Drone  
Tags
 
Add a new tag
Caveats
  • Supply blocks, unpowered buildings, or Contaminate may cause inaccurate times.
  • Supply counts are checked every 10 seconds.